 Dungeon Crawl Stone Soup version 0.29-a0-43-g62a80824bf (webtiles) character file.

Game seed: 8867276797143379200

4169 siradein the Shield-Bearer (level 10, -3/53 HPs)
             Began as a Vine Stalker Fighter on Feb 2, 2022.
             Was a Believer of Nemelex Xobeh.
             Succumbed to a hornet's poison
             ... while paralysed by a hornet
             ... on level 9 of the Dungeon.
             The game lasted 00:23:50 (7245 turns).

siradein the Shield-Bearer (Vine Stalker Fighter)   Turns: 7245, Time: 00:23:50

Health: -3/53      AC: 12    Str: 21    XL:     10   Next: 28%
Magic:  5/15       EV:  2    Int:  6    God:    Nemelex Xobeh [**....]
Gold:   212        SH:  0    Dex: 16    Spells: 9/9 levels left

rFire   + . .      SeeInvis .   s - +2 morningstar (venom)
rCold   . . .      Faith    .   c - +0 buckler
rNeg    . . .      Spirit   +   z - +0 scale mail {rF+}
rPois   .          Reflect  .   (helmet restricted)
rElec   .          Harm     .   (no cloak)
rCorr   .          Rampage  .   (no gloves)
Will    +....                   g - +0 pair of boots
Stlth   ..........              e - amulet of magic regeneration
HPRegen 0.97/turn               b - +4 ring of protection
MPRegen 0.54/turn               (no ring)

@: paralysed, lethally poisoned (-3 -> -22), slowed
A: fangs 3, regeneration 1, magic shield, antimagic bite, no potion heal 2,
horns 1, dopey 1
a: Renounce Religion, Draw Escape, Draw Destruction, Draw Summoning


You were on level 9 of the Dungeon.
You worshipped Nemelex Xobeh.
Nemelex Xobeh was pleased with you.
You visited 1 branch of the dungeon, and saw 9 of its levels.

You collected 373 gold pieces.
You spent 161 gold pieces at shops.

Inventory:

Hand Weapons
 s - a +2 morningstar of venom (weapon)
 x - the +6 mace of the Throat {flame, MP+9 Int+3}
   (You found it on level 8 of the Dungeon)

   It burns those it strikes, dealing additional fire damage.
   Int:       It affects your intelligence (+3).
   MP:        It affects your magic capacity (+9).
Missiles
 i - 10 poisoned darts (quivered)
 l - 10 javelins
Armour
 c - a +0 buckler (worn)
 g - a +0 pair of boots (worn)
 z - a +0 scale mail of fire resistance (worn)
Jewellery
 b - a +4 ring of protection (left hand)
 e - an amulet of magic regeneration (around neck)
 h - an amulet of regeneration
Wands
 a - a wand of iceblast (4)
 y - a wand of charming (10)
 B - a wand of polymorph (6)
Scrolls
 f - 6 scrolls of teleportation
 n - a scroll of brand weapon
 o - 2 scrolls of enchant weapon
 q - 2 scrolls of blinking
 v - a scroll of noise {unknown}
 w - a scroll of amnesia {unknown}
 A - a scroll of fog {unknown}
Potions
 d - a potion of might
 j - 8 potions of curing
 k - a potion of lignification
 m - a potion of haste {unknown}
 p - 2 potions of cancellation {unknown}
 r - 3 potions of flight {unknown}
 t - 2 potions of brilliance {unknown}
 u - a potion of heal wounds {unknown}


   Skills:
 + Level 6.6 Fighting
 + Level 6.3 Maces & Flails
 + Level 6.1 Armour
 + Level 6.7 Shields
 + Level 5.8 Invocations


You had 9 spell levels left.
You didn't know any spells.
Your spell library was empty.

Dungeon Overview and Level Annotations

Branches:
Dungeon (9/15)             Temple (0/1) D:7             Orc (0/2) D:9
   Lair: D:8-11

Altars:
Cheibriados
Dithmenos
Hepliaklqana
Makhleb
Nemelex Xobeh
Qazlal
Ru
Sif Muna
Uskayaw
Vehumet
Zin

Shops:
D:2 (   D:6 :*   D:7 (


Innate Abilities, Weirdness & Mutations

You have razor-sharp teeth.
Your natural rate of healing is unusually fast.
When hurt, damage is shared between your health and your magic reserves.
Your bite disrupts and absorbs the magic of your enemies.
Potions cannot restore your health.
You have a pair of small horns on your head.
You are dopey. (Int -2)


Message History

You are more poisoned.
You feel as though you will be slow longer.
You can move again.
Unknown command.
Unknown command.
You closely miss the hornet.
The hornet is heavily wounded.
You feel extremely sick. The hornet stings you!
You are more poisoned.
You feel as though you will be slow longer.
You block the hornet's attack.
The hornet stings you but does no damage.
Unknown command.
Unknown command.
Unknown command.
You miss the hornet. Your bite misses the hornet.
The hornet is heavily wounded.
* * * LOW HITPOINT WARNING * * *
You feel extremely sick. The hornet barely misses you. The hornet stings you.
* * * LOW HITPOINT WARNING * * *
You are lethally poisoned!
You feel as though you will be slow longer.
You block the hornet's attack.
Unknown command.
You draw a card...
You have drawn Pain.
Press: ? - help, Shift-Dir - straight line, f - hornet
Aim: a hornet (moderately wounded)
The hornet convulses!
* * * LOW HITPOINT WARNING * * *
You feel extremely sick. The hornet stings you.
* * * LOW HITPOINT WARNING * * *
You suddenly lose the ability to move!
The hornet stings you.
You are more poisoned.
You feel as though you will be slow longer.
You die...
Your body glows slightly and disappears.

## .######### .#
.......#.. .#
.#####.#.# .#
.#.....#.###### .#
.#.....#.# ....##.#
.#.......# ...#.#
.#.###h####.###.#.###
o..........>....@y..#
##.###..#######.#####
#...<..o)....#.#
####.#.###o..#.#
#.#.# #...#.# #.#o#
#...#.# #.#.# #...#.#
#.#.# #...#.#
#.#o###...#.#


You could see a hornet.

Vanquished Creatures
  A two-headed ogre (D:8)
  A hornet (D:8)
  3 yaks (D:8)
  A steam dragon (D:9)
  A water moccasin (D:5)
  Duvessa (D:5)
  3 black bears
  An orc warrior (D:9)
  An ice beast (D:7)
  2 phantoms
  2 bullfrogs
  2 scorpions
  2 water moccasin zombies (D:5)
  Dowan (D:5)
  2 killer bees
  9 wights (D:8)
  A bullfrog zombie (D:7)
  4 hounds
  A jelly (D:6)
  6 orc priests
  A gnoll shaman (D:8)
  2 iguanas
  A centaur skeleton (D:7)
  Natasha (thrice) (D:2)
  2 orc wizards
  A hound skeleton (D:5)
  6 adders
  8 gnolls
  A white imp (D:5)
  A worm (D:3)
  4 dart slugs
  15 orcs
  8 bats
  8 endoplasms
  2 giant cockroaches (D:1)
  9 hobgoblins
  8 jackals
  5 kobolds
  2 quokkas
  10 ball pythons
  2 frilled lizards
  5 goblins
  5 rats
154 creatures vanquished.

Vanquished Creatures (collateral kills)
  4 wights (D:9)
  3 killer bees (D:9)
7 creatures vanquished.

Vanquished Creatures (others)
  A wight (D:8)
1 creature vanquished.

Grand Total: 162 creatures vanquished

Notes
Turn   | Place    | Note
-------+----------+-------------------------------------------
     0 | D:1      | siradein the Vine Stalker Fighter began the quest for the
                  | Orb.
     0 | D:1      | Reached XP level 1. HP: 11/11 MP: 2/2
   260 | D:1      | Reached XP level 2. HP: 15/16 MP: 3/3
   768 | D:1      | Found a faded altar of an unknown god.
   898 | D:1      | Reached XP level 3. HP: 18/19 MP: 2/4
  1404 | D:2      | Gained mutation: Your natural rate of healing is unusually
                  | fast. [Vine Stalker growth]
  1404 | D:2      | Reached XP level 4. HP: 21/24 MP: 3/5
  1487 | D:2      | Noticed Natasha
  1518 | D:2      | Killed Natasha
  1544 | D:2      | Noticed Natasha
  1555 | D:2      | Killed Natasha
  1556 | D:2      | Reached XP level 5. HP: 27/28 MP: 6/6
  1596 | D:2      | Found Naicho's Antique Weapon Emporium.
  1764 | D:2      | Noticed Natasha
  1779 | D:2      | Killed Natasha
  1935 | D:2      | Found a shadowy altar of Dithmenos.
  2209 | D:3      | Found a sparkling altar of Nemelex Xobeh.
  2242 | D:3      | Reached XP level 6. HP: 30/33 MP: 7/7
  2334 | D:3      | Found a hazy altar of Hepliaklqana.
  2624 | D:3      | Became a worshipper of Nemelex Xobeh the Trickster
  3276 | D:2      | Bought a glowing morningstar for 161 gold pieces
  3331 | D:5      | Entered Level 5 of the Dungeon
  3404 | D:5      | Reached skill level 1 in Invocations
  3430 | D:5      | Reached XP level 7. HP: 37/37 MP: 8/8
  3672 | D:5      | Found a sacrificial altar of Ru.
  3673 | D:5      | Found a hide-covered altar of Uskayaw.
  3673 | D:5      | Found a burning altar of Makhleb.
  3676 | D:5      | Found a radiant altar of Vehumet.
  3846 | D:5      | Noticed Duvessa
  3846 | D:5      | Noticed Dowan
  3868 | D:5      | Killed Duvessa
  3869 | D:5      | Gained mutation: You have razor-sharp teeth. [Vine Stalker
                  | growth]
  3869 | D:5      | Reached XP level 8. HP: 27/42 MP: 4/10
  3875 | D:5      | Killed Dowan
  3970 | D:5      | Gained mutation: You are dopey. (Int -2) [potion of
                  | mutation]
  3970 | D:5      | Gained mutation: You have a pair of small horns on your
                  | head. [potion of mutation]
  4139 | D:6      | Found Gucyt's Self-Improvement Boutique.
  4188 | D:6      | Reached * piety under Nemelex Xobeh
  4524 | D:6      | Reached skill level 5 in Shields
  4616 | D:6      | Found Taveev's Assorted Antiques.
  4701 | D:7      | Reached skill level 5 in Fighting
  4776 | D:7      | Found a staircase to the Ecumenical Temple.
  4923 | D:7      | Received a gift from Nemelex Xobeh
  5018 | D:7      | Found a snail-covered altar of Cheibriados.
  5125 | D:7      | Found Goysuket's Antique Weapon Shop.
  5177 | D:7      | Found a glowing silver altar of Zin.
  5289 | D:8      | Reached skill level 5 in Maces & Flails
  5447 | D:8      | Identified the +6 mace of the Throat {flame, MP+9 Int+3}
  5582 | D:8      | Found a shimmering blue altar of Sif Muna.
  5691 | D:8      | Reached XP level 9. HP: 43/47 MP: 12/12
  5699 | D:8      | Noticed a hornet
  5716 | D:8      | Killed a hornet
  5717 | D:8      | Reached skill level 5 in Armour
  5717 | D:8      | HP: 2/47 [poisoned by a hornet]
  5873 | D:8      | Reached ** piety under Nemelex Xobeh
  6472 | D:9      | Reached skill level 5 in Invocations
  6492 | D:9      | Found a staircase to the Orcish Mines.
  6492 | D:9      | Noticed a two-headed ogre
  6685 | D:8      | Killed a two-headed ogre
  6686 | D:8      | Reached XP level 10. HP: 46/53 MP: 15/15
  7040 | D:9      | Found a stormy altar of Qazlal.
  7240 | D:9      | Paralysed by a hornet for 2 turns
  7244 | D:9      | HP: 2/53 [hornet (1)]
  7244 | D:9      | Paralysed by a hornet for 2 turns
  7245 | D:9      | Succumbed to a hornet's poison

Illustrated notes

Levels and vault maps discovered:
D:1:      dpeg_arrival_snail, layout_basic, shapermc_ecumenical_altar_ellora
D:2:      layout_basic, serial_shops, nicolae_shop_crystal, basic_altar,
          serial_park_tiny_1, uniq_natasha
D:3:      layout_loops_cross, mainiacjoe_overflow_cross_hatched,
          old_standard_altar, minmay_distorted
D:4:      layout_loops_ring, serial_glass, glass_columns_b, glass_columns_b,
          hangedman_abyss_or_decor_stabs
D:5:      layout_rooms, minitemple, uniq_duvessa
D:6:      nicolae_cairo_tiling, layout_rooms, serial_shops, kennysheep_mini,
          wad_floor_pattern_untrapped, minmay_misc_feat_more_columns,
          nicolae_shop_self_help
D:7:      layout_rooms, mainiacjoe_overflow_swirl,
          minmay_temple_entry_nine_rooms, serial_shops, shop_statue,
          chequers_serial_rivers_micro_c
D:8:      layout_basic, mainiacjoe_overflow_brackets
D:9:      layout_basic, mainiacjoe_overflow_chevrons, david_orc_3,
          chequers_serial_rivers_micro_a, minmay_misc_feat_secret_circle

Skill      XL: |  1  2  3  4  5  6  7  8  9 10 |
---------------+-------------------------------+-----
Maces & Flails | 2 3 4 5 6 |  6.3
Shields        | 3 4 5 6 |  6.7
Fighting       | 3 4 5 6 |  6.6
Armour         | 3 4 5 6 |  6.1
Invocations    | 1 2 3 5 |  5.8

Action                   |  1- 3 |  4- 6 |  7- 9 | 10-12 || total
-------------------------+-------+-------+-------+-------++-------
Melee: Flail             |   114 |   161 |       |       ||   275
       Bite              |    19 |    40 |    65 |    10 ||   134
       Morningstar       |       |    17 |   110 |     4 ||   131
       Headbutt          |       |       |    33 |     4 ||    37
       Mace              |       |       |    73 |    34 ||   107
Invok: Draw Destruction  |       |       |     3 |     1 ||     4
       Draw Summoning    |       |       |       |     1 ||     1
  Use: Scroll            |       |       |     8 |       ||     8
       Potion            |       |       |     1 |       ||     1
Armor: Scale mail        |    75 |    87 |    54 |    17 ||   233
       Chain mail        |       |       |    51 |       ||    51
Dodge: Dodged            |    82 |    80 |    82 |    11 ||   255
Block: Buckler           |    36 |    40 |    57 |    13 ||   146

Table legend: (Time is in decaauts)
 A = Elapsed time spent in this place.
 B = Non-inter-level travel time spent in this place.
 C = Inter-level travel time spent in this place.
 D = Time resting spent in this place.
 E = Time spent auto-exploring this place.
 F = Levels seen in this place.
 G = Mean time per level.
                   A        B        C        D        E       F      G
               +--------+--------+--------+--------+--------+-----+--------+
         Total |   7402 |   7137 |    265 |    428 |   4803 |   9 |  822.4 |
       Dungeon |   7402 |   7137 |    265 |    428 |   4803 |   9 |  822.4 |
               +--------+--------+--------+--------+--------+-----+--------+

Top non-repeatable levels by time:
     D:1: 1314 daAuts
     D:8: 1042 daAuts
     D:9: 805 daAuts
     D:5: 792 daAuts
     D:2: 760 daAuts
     D:7: 743 daAuts
     D:3: 716 daAuts
     D:4: 628 daAuts
     D:6: 598 daAuts
